[Event "Romanian Team Blitz Open 2022"]
[Site "Sebes"]
[Date "2022.12.04"]
[Round "1.29"]
[White "Stanca, Adrian"]
[Black "Patrascu, Catalin-Lucian"]
[Result "1/2-1/2"]
[ECO "D11"]
[WhiteElo "2182"]
[BlackElo "2279"]
[Annotator "TA"]
[PlyCount "72"]
[EventDate "2022.12.04"]
[EventType "blitz"]
[EventCountry "ROU"]
[SourceTitle "playchess.com"]
[Source "ChessBase"]
[SourceQuality "1"]
[TimeControl "180+2"]

1. Nf3 d5 2. g3 Bg4 3. Bg2 Nd7 4. d4 e6 5. O-O Ngf6 6. c4 c6 7. Qb3 Qb6 {[%emt 0:00:05] D11: Slav Defence: 3 Nf3 sidelines and 3...Nf6 4 e3 Bg4.} 8. c5 Qxb3 9. axb3 a6 10. Nc3 Be7 11. Bf4 h6 12. Rfe1 O-O {[%emt 0:00:11] [#]} 13. Ne5 $146 (13. h3 $11 Bf5 14. g4) ({Predecessor:} 13. Ra4 Rfc8 14. Rea1 Re8 15. Ne5 Bf5 16. Rb4 Nxe5 17. dxe5 Nd7 18. Rxb7 Nxc5 19. Rb6 {0-1 (42) Orantes Taboada,F (2221)-Alavi Moghaddam,S (2455) Chess.com INT 2021}) 13... Nxe5 $15 14. Bxe5 Nd7 {[%emt 0:00:05] aiming for ...Nxe5.} 15. Bc7 Rac8 {[%emt 0:00:10] Against e4} 16. Bf4 ({Better is} 16. Ba5 $15) 16... e5 $1 $17 17. Bxe5 Nxe5 18. dxe5 Bxc5 19. h3 Be6 20. e3 (20. Red1 $142) 20... Rfd8 21. Na4 Bb4 22. Red1 {[%emt 0:00:02] [#] Inhibits d4.} a5 (22... d4 $1 $17 {Threatens to win with ...b5.} 23. Rxd4 Rxd4 24. exd4 Rd8) 23. Rac1 d4 24. Rxd4 Rxd4 25. exd4 Bxb3 ({Black should try} 25... Rd8 $15) 26. Nc5 $11 Bxc5 27. Rxc5 {[%emt 0:00:01][%mdl 4096] Endgame KRB-KRB} Rd8 28. Rxa5 Rxd4 29. Ra8+ Kh7 30. Rb8 Rd1+ 31. Kh2 {[%emt 0:00:04] Strongly threatening Be4+.} Rd2 32. Rxb7 Be6 33. Kg1 (33. Bxc6 Rxf2+ 34. Kg1 Re2 $11) 33... Rd1+ $1 34. Kh2 Rd2 35. Kg1 ({Much worse is} 35. Bxc6 Rxf2+ 36. Kg1 Re2 $11) 35... Rd1+ $1 36. Kh2 Rd2 {[%emt 0:00:02] Weighted Error Value: White=0.21 (precise) /Black=0.12 (very precise)} 1/2-1/2

[Event "Romanian Team Blitz Open 2022"]
[Site "Sebes"]
[Date "2022.12.04"]
[Round "1.30"]
[White "Creanga, Robert-Ionut"]
[Black "Coicev, Matei-Andrei"]
[Result "1/2-1/2"]
[ECO "E12"]
[WhiteElo "2190"]
[BlackElo "2009"]
[Annotator "TA"]
[PlyCount "96"]
[EventDate "2022.12.04"]
[EventType "blitz"]
[EventCountry "ROU"]
[SourceTitle "playchess.com"]
[Source "ChessBase"]
[SourceQuality "1"]
[TimeControl "180+2"]

1. Nf3 Nf6 2. c4 e6 3. Nc3 b6 4. d4 Bb7 5. a3 Be7 6. Bg5 (6. d5 $14 {is more appropriate.}) 6... Ne4 {[%emt 0:00:05] E12: Queen's Indian: Unusual White 4th moves, 4 a3, 4 Nc3 Bb7 5 a3 and 4 Nc3 Bb7 .} 7. Bxe7 Qxe7 8. Qc2 Nxc3 {[%emt 0:00:02] The position is equal.} 9. Qxc3 d6 {[%emt 0:00:07] [#]} 10. Qd3 $146 (10. g3 $11) ({Predecessor:} 10. e3 O-O 11. Be2 Nd7 12. O-O Nf6 13. Rfd1 Ne4 14. Qc2 f5 15. d5 e5 16. Nd2 Nxd2 17. Qxd2 {½-½ (35) Smirnova,A (1964)-Borisov,G (1781) Uljanovsk 2008}) 10... O-O 11. e4 f5 12. e5 (12. exf5 $15 Rxf5 13. Be2) 12... Nd7 $17 13. exd6 cxd6 14. Be2 e5 $1 15. Qc3 exd4 16. Nxd4 Nc5 (16... Bxg2 $17 17. Rg1 Bb7) 17. O-O-O (17. O-O $1 $14 {keeps the upper hand.}) 17... Ne4 18. Qe1 (18. Qe3 $2 f4 19. Qf3 Ng3 $1 $19 ) 18... Qg5+ 19. Kb1 {[%emt 0:00:04] Threatens to win with Ne6.} Qxg2 20. Bf3 (20. f3 $1 $15) 20... Qg6 ({Don't do} 20... Qxf2 21. Qxf2 Nxf2 22. Bxb7 $14) 21. Rg1 Qf7 22. Ka1 Rae8 (22... Qxc4 $17 {...Bd5 is the strong threat.} 23. Be2 Qf7) 23. Qf1 (23. Bxe4 $1 $15 Rxe4 24. Qb4) 23... g6 ({Better is} 23... Qf6 $17 24. Nb5 Re7) 24. Nb5 {[%emt 0:00:02][%csl LRa7,LRd6] Black must now prevent Bxe4.} a6 (24... Re5 $15 {stays ahead.}) 25. Bxe4 $16 axb5 26. Bxb7 Qxb7 27. cxb5 d5 {[%emt 0:00:00] [#]} (27... Rf6 $142) 28. Qd3 (28. h4 $142 $1) 28... Rd8 (28... Rf6 $142) 29. Qd4 {[%emt 0:00:01] White is more active.} Qe7 (29... Rde8 $16) 30. Rge1 Qd6 31. Rc1 {[%emt 0:00:02] Strongly threatening Rc6.} Rc8 {[%emt 0:00:00] Inhibits Rc6.} 32. h4 Rc5 (32... h5 {was worth a try.} 33. Ka2 f4 34. Rxc8 Rxc8) 33. a4 {[%emt 0:00:03] And now Rxc5 would win.} Rfc8 34. Rcd1 (34. Rxc5 $18 bxc5 35. Qe5 Qxe5 36. Rxe5) 34... Rc4 $11 35. Qxd5+ Qxd5 36. Rxd5 {[%emt 0:00:01] aiming for b3.} Rxa4+ {[%emt 0:00:01][%mdl 4096] Endgame KRR-KRR} 37. Kb1 Rc7 38. Rd6 Rxh4 39. Rxb6 Rb4 40. Rc1 Re7 41. Rb8+ (41. Rc3 $11) 41... Kg7 $17 42. b6 (42. Rc3 $17 {keeps fighting.}) 42... Re6 (42... Kf6 $19 43. Rc6+ Kg5) 43. Rc7+ {[%emt 0:00:01] [#]} Kh6 $1 ({Weaker is} 43... Kf6 44. f4 (44. Rxh7 Re2 $17) 44... Rexb6 45. Rxb6+ Rxb6 46. Rxh7 $15) 44. b7 (44. Rh8 $17) 44... Re2 45. Rh8 Rexb2+ 46. Kc1 Rb1+ ({Black should try} 46... Kg5 $1 $17 47. Rhxh7 Rxf2) 47. Kc2 (47. Kd2 $15) 47... R1b2+ 48. Kc1 $1 Rb1+ {[%emt 0:00:01] Quite a comeback for White.   Weighted Error Value: White=0.42/Black=0.44} (48... Kg5 $17 49. Rhxh7 Rxf2) 1/2-1/2

[Event "Romanian Team Blitz Open 2022"]
[Site "Sebes"]
[Date "2022.12.04"]
[Round "1.32"]
[White "Prelipcean, Eric-Matei"]
[Black "Mainescu, Andrei-Cristian"]
[Result "1-0"]
[ECO "C67"]
[WhiteElo "1909"]
[BlackElo "1860"]
[Annotator "TA"]
[PlyCount "91"]
[EventDate "2022.12.04"]
[EventType "blitz"]
[EventCountry "ROU"]
[SourceTitle "playchess.com"]
[Source "ChessBase"]
[SourceQuality "1"]
[TimeControl "180+2"]

1. e4 e5 2. Nf3 Nc6 3. Bb5 Nf6 4. O-O Nxe4 5. Re1 Nd6 6. Nxe5 Nxe5 7. Rxe5+ Be7 8. Bf1 O-O 9. d4 Bf6 10. Re1 Ne8 {[%emt 0:00:09][%cal Bd6e8,Be8c7,Bc7e6,Be6g7,Bg7f5][%mdl 32] C67: Ruy Lopez: Berlin Defence: 4 0-0 Nxe4.} 11. c3 d5 12. Bf4 {[%emt 0:00:01] [#]} c6 $146 {[%emt 0:00:09] The position is equal.} ({Predecessor:} 12... Nd6 13. Bd3 Nf5 14. Nd2 Bg5 15. Qg4 Bxf4 16. Qxf4 Nd6 17. Nf3 h6 18. h4 c6 {1-0 (43) Deac,B (2385)-Parligras,M (2594) Bazna 2014}) 13. Nd2 Bf5 14. Nf3 Nc7 15. h3 Re8 16. Qd2 Ne6 17. Bg3 Qd7 18. Bd3 Bxd3 19. Qxd3 g6 20. Re2 Ng7 21. Ne5 Bxe5 22. Bxe5 Qf5 23. Qxf5 Nxf5 24. Rae1 Re6 25. Bf4 Rae8 (25... Ng7 $11 {is superior.}) 26. Rxe6 $14 Rxe6 27. Rxe6 fxe6 {[%emt 0:00:01][%mdl 4096] Endgame KB-KN} 28. f3 Kf7 29. Kf2 Ne7 30. g4 Nc8 31. Bc7 a6 32. Ke3 h6 (32... Ke7 $14) 33. h4 Na7 (33... Ke7 $142) 34. a4 Nc8 {[%emt 0:00:04] [#]} 35. Kf4 $1 Ne7 $2 (35... b6 {might work better.} 36. Ke5 Ke7) 36. Ke5 $18 Nc8 37. a5 {[%emt 0:00:13] Against b6} Ke7 $2 (37... h5 38. Bd8 Ke8) 38. Bb6 Kf7 39. Bc5 {[%emt 0:00:02] [#] aiming for f4.} h5 40. Kf4 Kf6 41. b4 hxg4 42. fxg4 Kf7 43. Kg5 Kg7 44. h5 {[%emt 0:00:01] White mates.} gxh5 45. gxh5 Kh7 46. h6 {[%emt 0:00:02] Weighted Error Value: White=0.10 (very precise) /Black=0.44} 1-0

[Event "Romanian Team Blitz Open 2022"]
[Site "Sebes"]
[Date "2022.12.04"]
[Round "2.1"]
[White "Lupulescu, Constantin"]
[Black "Costachi, Mihnea"]
[Result "0-1"]
[ECO "E92"]
[WhiteElo "2591"]
[BlackElo "2476"]
[Annotator "TA"]
[PlyCount "100"]
[EventDate "2022.12.04"]
[EventType "blitz"]
[EventCountry "ROU"]
[SourceTitle "playchess.com"]
[Source "ChessBase"]
[SourceQuality "1"]
[TimeControl "180+2"]

1. c4 Nf6 2. d4 g6 3. Nc3 Bg7 4. e4 d6 5. Be2 O-O 6. Be3 Na6 7. Nf3 e5 8. d5 Ng4 9. Bg5 f6 10. Bh4 Nh6 11. Nd2 {[%emt 0:00:07] E92: King's Indian: Classical: 6 Be2 e5: 7 dxe5, 7 Be3 and Petrosian System without 7...Nbd7.} Qe8 12. f3 f5 13. O-O {[%emt 0:00:14] White is better.} Nf7 14. Rb1 {[%emt 0:00:06] [#]} Bh6 $146 ({Predecessor:} 14... h5 15. b4 g5 16. Bf2 f4 17. c5 Nh6 18. cxd6 cxd6 19. Nb5 Qg6 20. Nxa7 Bd7 {1-0 (47) Popov,V (2568)-Milov,V (2620) Panormo 2002}) 15. Bf2 Bxd2 (15... c6 $142) 16. Qxd2 $16 f4 17. b4 g5 18. c5 h5 19. Kh1 Qe7 20. c6 b6 21. Qe1 Nb8 22. b5 a5 (22... Kh7 {was called for.} 23. a4 a5) 23. Na4 $18 Nh6 (23... Qd8 $142 24. Rc1 Ra7) 24. Nxb6 cxb6 25. Bxb6 g4 26. Bf2 {[%emt 0:00:01] Strongly threatening b6.} (26. Bxa5 g3 27. Bb6 (27. hxg3 Rxa5 28. Rb2 fxg3 $14) 27... Rxa2 $16) 26... g3 $2 {[%emt 0:00:08] Against b6} (26... Nd7 27. b6 Nxb6 28. Rxb6 Kh7) 27. hxg3 Kh7 (27... fxg3 $142 28. Bxg3 Nd7) 28. b6 fxg3 29. Bxg3 Ba6 30. b7 ({Less strong is} 30. Qxa5 Nxc6 31. Qd2 (31. dxc6 Bxe2 32. Qe1 Bxf1 $14) 31... Bxe2 32. Qxe2 Nd4 $14) 30... Ra7 31. Bf2 {[%emt 0:00:05][%mdl 64] [#] Trapped Piece} Bxe2 32. Qxe2 Ra6 33. Rfc1 {[%emt 0:00:01][%cal Bf1c1,Bc1c2,Bc2c7][%mdl 32] Hoping for c7.} Qc7 34. Qb5 Rg8 35. Bb6 Qg7 36. Rc2 (36. Bxa5 $2 Qxg2#) 36... h4 37. c7 h3 38. c8=Q hxg2+ 39. Kg1 Qg5 40. Rc7+ Kh8 {[%emt 0:00:01] [#]} 41. Qxg8+ $3 Nxg8 42. Qe8 $2 (42. Rc8 Kg7 43. Rxb8 Ne7 44. Rg8+ Nxg8 45. b8=Q Kh7 46. Qxa6 Qh6 47. Qaa7+ Kh8 48. Be3) 42... Rxb6 $1 $11 {[%emt 0:00:02][%mdl 64] Remove Defender, Decoy. Really sharp!} 43. Rxb6 $40 {[%emt 0:00:01][%mdl 128] White mounts an attack.} Qe3+ 44. Kxg2 Qg5+ $2 (44... Qd2+ $11 45. Kf1 Qd1+ 46. Kg2 Qd2+ 47. Kh1 Qd1+ 48. Kh2 Qd2+ 49. Kg3 Qf4+ 50. Kg2 Qd2+) 45. Kh3 $2 (45. Kf1 {mates} Qh6 46. Rb1 Na6 47. b8=Q Nxb8 48. Qxb8 a4 49. Qe8 Qh3+ 50. Ke2) 45... Qh6+ {[%emt 0:00:01] The position is equal.} 46. Kg4 {[%emt 0:00:04][%cal Oe8f7] White wants to mate with Qf7!} Qf4+ 47. Kh5 {[%emt 0:00:01] Rb2 is the strong threat.} Qh6+ 48. Kg4 Qf4+ 49. Kh3 {[%emt 0:00:01] Qh5+ would kill now.} Qxf3+ 50. Kh2 {[%emt 0:00:01] Threatening mate with Qg6.} Qf2+ {[%emt 0:00:00][%mdl 32768] Weighted Error Value: White=0.47/Black=0.63. Loss on time!?} 0-1

[Event "Romanian Team Blitz Open 2022"]
[Site "Sebes"]
[Date "2022.12.04"]
[Round "2.2"]
[White "Sfarlog, Tudor-Vlad"]
[Black "Jianu, Vlad-Cristian"]
[Result "0-1"]
[ECO "A13"]
[WhiteElo "2283"]
[BlackElo "2516"]
[Annotator "TA"]
[PlyCount "92"]
[EventDate "2022.12.04"]
[EventType "blitz"]
[EventCountry "ROU"]
[SourceTitle "playchess.com"]
[Source "ChessBase"]
[SourceQuality "1"]
[TimeControl "180+2"]

1. Nf3 Nf6 2. c4 e6 3. g3 d5 4. Bg2 dxc4 5. Qa4+ Bd7 6. Qxc4 {[%emt 0:00:02] A13: English Opening: 1...e6.} c5 7. O-O Bc6 8. Qc2 {[%emt 0:00:44] The position is equal.} Nbd7 9. Nc3 Be7 {[%emt 0:00:04] [#]} 10. Rd1 $146 ({Predecessor:} 10. e4 O-O 11. d4 cxd4 12. Nxd4 Ne5 13. Rd1 Qe8 14. Bf4 Ng6 15. Nxc6 bxc6 16. Bd6 {0-1 (47) Matamoros Franco,C (2498)-Bernadskiy,V (2547) Chess.com INT 2018}) 10... O-O 11. d4 (11. e4 $5 ) 11... cxd4 12. Nxd4 Bxg2 13. Kxg2 Rc8 14. Bg5 Qa5 15. Bxf6 (15. Nf3 {simplifies} Ne5 16. Qb3 Nxf3 17. Bxf6 Bxf6 18. exf3 Bxc3 19. bxc3 Rxc3 20. Qxb7 Rc2 21. Rac1) 15... Nxf6 16. Nb3 Qh5 17. Qd3 a6 18. Rac1 Ng4 (18... Rfd8 {simplifies} 19. Qf3 Qxf3+ 20. Kxf3 Rxd1 21. Nxd1 Rxc1 22. Nxc1 g5) 19. h3 Ne5 (19... Nf6 {simplifies} 20. Qf3 Qxf3+ 21. Kxf3 Rc4) 20. Qe4 {[%emt 0:00:02] [#] aiming for g4.} Nc4 21. Qxb7 Bf6 22. g4 (22. Qxa6 $2 Nxb2 23. Rd4 Bxd4 24. Nxd4 {[#]} Nd1 $1 25. Rxd1 Rxc3 $19) (22. Nd4 $16) 22... Qe5 23. Ne4 (23. Qxa6 $2 {is the wrong capture.} Nxb2 24. Rd4 Qb8 $19) 23... Qxb2 24. Nxf6+ (24. Nec5 $14 Ne5 25. Rd2 (25. Nxa6 $2 Rxc1 26. Rxc1 Qxe2 $19) (25. Qxa6 Ra8 $14)) 24... gxf6 $11 25. Qe4 Qxa2 26. Rxc4 Qxb3 27. Rdc1 Rxc4 28. Rxc4 $15 {[%emt 0:00:01][%mdl 4096] Endgame KQR-KQR} Rd8 29. Qf4 Qb2 (29... Rd5 $15) 30. g5 ({White should play} 30. Qc7 $11 Qd2 31. Ra4) 30... fxg5 (30... Qxe2 $2 31. gxf6 Qd3 32. Qh6 Qd5+ 33. Kh2 Qd6+ 34. Rf4 $18) (30... f5 $5 31. Qc7 Rf8 $15) 31. Qxg5+ Qg7 32. Qxg7+ Kxg7 {[%emt 0:00:00] KR-KR} 33. Kf3 (33. Ra4 $15) 33... a5 34. Ra4 Ra8 35. Ra3 (35. Ke4 $17) 35... Kf6 (35... a4 $19 36. Ke3 Kf6) 36. e4 $2 {[%emt 0:00:01] This move loses the game for White.} (36. Ra4 $17) 36... a4 $19 37. Kf4 e5+ 38. Kf3 Kg5 39. Kg3 f5 40. h4+ (40. exf5 $142 Kxf5 41. Kf3) 40... Kf6 41. exf5 (41. f3 $142) 41... Kxf5 {[%emt 0:00:01] Strongly threatening ...Ke4.} 42. f3 (42. Kf3 $142 h5 43. Ke3) 42... h5 {[%emt 0:00:08] Black is clearly winning.} 43. Kg2 Kf4 44. Kf2 e4 45. Ke2 exf3+ 46. Rxf3+ Kg4 {[%emt 0:00:00] Weighted Error Value: White=0.60/Black=0.14 (very precise)} 0-1

[Event "Romanian Team Blitz Open 2022"]
[Site "Sebes"]
[Date "2022.12.04"]
[Round "2.3"]
[White "Parligras, Mircea-Emilian"]
[Black "Ileana, George"]
[Result "1/2-1/2"]
[ECO "D94"]
[WhiteElo "2567"]
[BlackElo "2343"]
[Annotator "TA"]
[PlyCount "74"]
[EventDate "2022.12.04"]
[EventType "blitz"]
[EventCountry "ROU"]
[SourceTitle "playchess.com"]
[Source "ChessBase"]
[SourceQuality "1"]
[TimeControl "180+2"]

1. d4 d5 2. c4 c6 3. Nf3 Nf6 4. e3 g6 5. Nc3 Bg7 6. Be2 O-O 7. O-O Bf5 8. b3 Nbd7 9. Bb2 Ne4 10. Rc1 {[%emt 0:00:13] D94: Grünfeld: 4 Nf3 Bg7 5 e3.} Nxc3 11. Bxc3 Re8 {[%emt 0:00:02] [#]} 12. Qd2 $146 {[%emt 0:00:10] White is slightly better.} ({Predecessor:} 12. cxd5 cxd5 13. Bd3 Bxd3 14. Qxd3 Rc8 15. Qb5 Nb6 16. Bb2 Qd7 17. Qa5 Rc6 18. Rxc6 bxc6 {1-0 (37) Santiago,Y (2406)-Heinemann,J (2160) Caleta 2015}) 12... e5 (12... e6 $11) 13. dxe5 dxc4 $1 14. Bxc4 {[%emt 0:00:16][%cal Oe3e4] Hoping for e4!} Nxe5 15. Nxe5 Bxe5 16. Qxd8 Raxd8 17. Bxe5 Rxe5 18. Rfd1 {[%emt 0:00:01] Against Rd2} Ree8 19. Kf1 Kf8 20. b4 a6 21. a3 Ke7 22. Ke2 Be6 23. Bxe6 Kxe6 $11 {[%emt 0:00:02][%mdl 4096] Endgame KRR-KRR} 24. e4 f5 25. f3 fxe4 26. fxe4 Rxd1 27. Rxd1 {[%emt 0:00:01] KR-KR} a5 28. bxa5 Ra8 29. Rb1 Ra7 30. Rb6 Kd6 {[%emt 0:00:04] Inhibits a6.} 31. Ke3 h5 {[%emt 0:00:08] [#]} (31... Kc7 $11 {keeps the balance.}) 32. Rb4 (32. a6 $1 $16 bxa6 33. Kd4) 32... Rxa5 {[%emt 0:00:04] The position is equal.} 33. Rxb7 Rxa3+ 34. Kf4 Ra2 35. Kf3 Ra3+ 36. Kf4 Ra2 37. Kf3 Ke5 {[%emt 0:01:05] Weighted Error Value: White=0.12 (very precise) /Black=0.15 (very precise)} 1/2-1/2

[Event "Romanian Team Blitz Open 2022"]
[Site "Sebes"]
[Date "2022.12.04"]
[Round "2.4"]
[White "Tampea, Radu"]
[Black "Gavrilescu, David"]
[Result "0-1"]
[ECO "B13"]
[WhiteElo "2110"]
[BlackElo "2523"]
[Annotator "TA"]
[PlyCount "60"]
[EventDate "2022.12.04"]
[EventType "blitz"]
[EventCountry "ROU"]
[SourceTitle "playchess.com"]
[Source "ChessBase"]
[SourceQuality "1"]
[TimeControl "180+2"]

1. d4 d5 2. Bf4 c5 3. e3 cxd4 4. exd4 Nc6 5. c3 Bf5 6. Nd2 {[%emt 0:00:03] B13: Caro-Kann: Exchange Variation and Panov-Botvinnik Attack.} e6 7. Qb3 Qd7 8. Ngf3 {[%emt 0:00:01] The position is equal.} f6 9. h4 {[%emt 0:00:07] Prevents g5.} Nh6 10. Be2 Nf7 {[%emt 0:00:02] [#]} 11. O-O $146 ({Predecessor:} 11. h5 e5 12. dxe5 fxe5 13. Bg3 Bc5 14. Qb5 Bb6 15. Rd1 Bc2 16. Rc1 Bf5 17. Rd1 {1-0 (63) Kamsky,G (2661)-Dreev,A (2623) Chess.com INT 2022}) 11... Be7 12. Bg3 O-O 13. c4 dxc4 14. Bxc4 Na5 15. Qc3 Nxc4 16. Nxc4 Rac8 {[%emt 0:00:03] And now ...b5 would win.} 17. Qb3 Be4 {[%emt 0:00:06] ...Bd5 is the strong threat.} 18. Ncd2 ({White should play} 18. Ne3) 18... Bd5 $17 19. Qe3 Nd6 (19... Qb5 $19 {is more deadly.} 20. b3 Nh6) 20. Bxd6 Bxd6 21. Ne4 Be7 {[%emt 0:00:04][%cal Bd6e7,Be7c5,Bc5f2][%mdl 32] Black is more active. This pair of bishops is nice.} 22. Rac1 b6 ({Much worse is} 22... Bxa2 23. b3 $11) 23. Nc3 Bxf3 24. Qxf3 Qxd4 25. Qb7 Bc5 26. Qxa7 (26. Ne4 $11 {remains equal.}) 26... Qxh4 {[%emt 0:00:02] Threatens to win with ...Bd6.} 27. Qd7 {[%emt 0:00:02] Inhibits Bd6.} Rce8 28. Rce1 Re7 29. Qc6 {[%emt 0:00:02][%cal Oe1e4] [#]} Qc4 {[%emt 0:00:11][%cal Oc5f2] Hoping for ...Bxf2+!} 30. Re4 $2 {[%emt 0:00:09][%mdl 8192] [#]} (30. Re3 $15) 30... Bxf2+ $1 {[%emt 0:00:03][%mdl 512] Weighted Error Value: White=0.36/Black=0.10 (very precise)} 0-1

[Event "Romanian Team Blitz Open 2022"]
[Site "Sebes"]
[Date "2022.12.04"]
[Round "2.5"]
[White "Szabo, Gergely-Andras-Gyula"]
[Black "Ardelean, George-Catalin"]
[Result "1/2-1/2"]
[ECO "D31"]
[WhiteElo "2514"]
[BlackElo "2473"]
[Annotator "TA"]
[PlyCount "33"]
[EventDate "2022.12.04"]
[EventType "blitz"]
[EventCountry "ROU"]
[SourceTitle "playchess.com"]
[Source "ChessBase"]
[SourceQuality "1"]
[TimeControl "180+2"]

1. d4 d5 2. c4 e6 3. Nc3 a6 4. cxd5 exd5 5. Nf3 c6 6. Bg5 {[%emt 0:00:05] D31: Queen's Gambit Declined: Semi-Slav without ...Nf6 (+ Marshall Gambit and Noteboom) and Exchange Variation lines without ...Nf6.} Be7 {[%emt 0:00:02] The position is equal.} 7. Bxe7 Nxe7 8. e3 O-O 9. Bd3 Bf5 10. O-O Nd7 {[%emt 0:00:03] [#] Not much happened in this game.   Weighted Error Value: White=0.08 (flawless) /Black=0.02 (flawless)} {Predecessor:} 11. Rc1 $146 Re8 12. h3 Bxd3 13. Qxd3 Nf6 14. Nd2 Nc8 15. Na4 Nd6 16. Nc5 a5 17. a4 {0-1 (48) Omelja,A (2515)-Lenderman,A (2600) Chess.com INT 2022} 1/2-1/2

[Event "Romanian Team Blitz Open 2022"]
[Site "Sebes"]
[Date "2022.12.04"]
[Round "2.6"]
[White "Murariu, Andrei"]
[Black "Nevednichy, Vladislav"]
[Result "1/2-1/2"]
[ECO "C03"]
[WhiteElo "2493"]
[BlackElo "2499"]
[Annotator "TA"]
[PlyCount "51"]
[EventDate "2022.12.04"]
[EventType "blitz"]
[EventCountry "ROU"]
[SourceTitle "playchess.com"]
[Source "ChessBase"]
[SourceQuality "1"]
[TimeControl "180+2"]

1. e4 e6 2. d4 d5 3. Nd2 Be7 4. Ngf3 Nf6 5. Bd3 O-O 6. O-O {[%emt 0:00:03] C03: French Tarrasch: Unusual Black 3rd moves.} c5 7. dxc5 a5 8. Qe2 Na6 9. b3 Nxc5 10. Bb2 Nxd3 11. cxd3 b6 {[%emt 0:00:03] [#]} 12. Rac1 $146 ({Predecessor:} 12. Rfd1 Ba6 13. Qe3 Bc5 14. d4 Be7 15. e5 Nd7 16. Rac1 Rc8 17. Nb1 b5 18. h3 {0-1 (36) Li,J (1943)-Kumar,A (2169) Sturbridge 2018}) 12... Ba6 {[%emt 0:00:08] Strongly threatening ...dxe4.} 13. e5 Nd7 14. Nd4 Bc5 (14... Nc5 $5 15. Rc3 Qd7 $15) 15. Kh1 Rc8 (15... Qh4 {keeps more tension.} 16. N2f3 Qh5 17. a4 Bb4) 16. f4 Bxd4 17. Bxd4 Qe7 18. Nf3 Qb4 19. Qe3 Qb5 {[%emt 0:00:02] [#] Inhibits f5.} (19... Nc5 $11) 20. Rfd1 (20. Rcd1 $1 $16) 20... Rxc1 21. Rxc1 Rc8 {[%emt 0:00:06] Against Rc7} (21... h6 $11) 22. Rxc8+ $14 Bxc8 23. Qc1 (23. f5 $1 $14) 23... Qa6 $2 {[%emt 0:00:30] [#]} ({Better is} 23... Nc5 $11) 24. Qc7 (24. f5 $142 $1) 24... h6 $16 25. Ne1 {[%emt 0:00:17] White is much more active.} Qb7 26. Qxb7 {[%emt 0:00:02] Weighted Error Value: White=0.25 (precise) /Black=0.26 (precise)} (26. Qd6 $14) 1/2-1/2

[Event "Romanian Team Blitz Open 2022"]
[Site "Sebes"]
[Date "2022.12.04"]
[Round "2.7"]
[White "Stoleriu, George"]
[Black "Berescu, Alin-Mile"]
[Result "1-0"]
[ECO "B10"]
[WhiteElo "2389"]
[BlackElo "2429"]
[Annotator "TA"]
[PlyCount "69"]
[EventDate "2022.12.04"]
[EventType "blitz"]
[EventCountry "ROU"]
[SourceTitle "playchess.com"]
[Source "ChessBase"]
[SourceQuality "1"]
[TimeControl "180+2"]

1. e4 c6 2. Nf3 d5 3. d3 Bg4 4. h3 Bxf3 5. Qxf3 e6 6. g3 {[%emt 0:00:03] B10: Caro-Kann: 2 d3 and 2 c4.} Nd7 7. Bg2 g6 8. O-O {[%emt 0:00:02][%cal Re4d5] White is slightly better.} Bg7 9. Qe2 Ne7 10. Nd2 O-O 11. f4 {[%emt 0:00:07] [#]} (11. h4 $14) 11... f5 {[%emt 0:00:18] [#]} (11... Bxb2 $1 $15 {stays ahead.} 12. Bxb2 Qb6+ 13. Qf2 Qxb2) 12. e5 $146 ({Predecessor:} 12. Nf3 Nf6 13. Ng5 Qd7 14. exf5 Nxf5 15. Qxe6+ Qxe6 16. Nxe6 Rfe8 17. Nxg7 Kxg7 18. Kf2 {1-0 (66) Ibarra Jerez,J (2570)-Ezat,M (2391) Chess.com INT 2022}) 12... b5 13. d4 Nc8 14. a4 Rb8 15. b3 b4 16. Nf3 h6 17. Be3 Rf7 18. Rfc1 Bf8 19. Qf2 Qa5 20. Ne1 (20. Bf1 $142) 20... c5 21. dxc5 (21. Nd3 $16) 21... Bxc5 (21... Nxc5 $11 22. Kh2 Ne4) 22. Nf3 $14 Bxe3 23. Qxe3 Qc5 24. Nd4 {[%emt 0:00:01] [#] aiming for c4.} Ne7 25. Kf2 {[%emt 0:00:04] Hoping for c4. White is more active.} Rb6 $2 {[%emt 0:00:07][%mdl 8192] This costs Black the game.} (25... Rc8 $14) 26. a5 $18 Ra6 27. Bf1 {[%emt 0:00:01] Against g5} Rxa5 28. Nxe6 Qxe3+ 29. Kxe3 Rxa1 30. Rxa1 Nc8 31. Ra4 Re7 32. Nd4 Nc5 33. Rxb4 Ne4 (33... Rc7 $142 34. Rb8 Nd7) 34. Rb8 Re8 35. Bb5 {[%emt 0:00:13] Weighted Error Value: White=0.21 (precise) /Black=0.44} 1-0